 Dungeon Crawl Stone Soup version 0.31-a0-846-gb3bcc0d938 (webtiles) character file.

Game seed: 7030988554332093929

1196 Gargoyl the Chopper (level 8, -3/72 HPs)
             Began as a Gargoyle Berserker on Oct 4, 2023.
             Was a Believer of Trog.
             Splashed by a jelly's acid (5 damage)
             ... on level 5 of the Dungeon.
             The game lasted 00:05:57 (3596 turns).

Gargoyl the Chopper (Gargoyle Berserker)            Turns: 3596, Time: 00:05:58

Health: -3/72      AC:  4    Str: 20    XL:     8   Next: 44%
Magic:  8/8        EV:  2    Int:  9    God:    Trog [**....]
Gold:   236        SH:  5    Dex: 11    Spells: 7/7 levels left

rFire   + + .        a - +1 hand axe
rCold   . . .        j - +1 buckler {rF+}
rNeg    + + .        b - melded +0 plate armour
rPois   ∞            (helmet currently unavailable)
rElec   .            (cloak currently unavailable)
rCorr   .            v - melded +0 pair of gloves
SInv    .            (boots currently unavailable)
Will    ++...        (no amulet)
Stlth   +            e - ring of protection from fire
HPRegen 1.32/turn    k - ring "Eruihog" {rPois rN+}
MPRegen 0.11/turn

%: no passive effects
@: tree-form, strong-willed, corroded, on berserk cooldown, regenerating,
slowed, very slow
A: stationary, stasis, torment immunity, boosted hp, sickness immunity, AC +5,
negative energy resistance 1, (electricity resistance), torment resistance 1,
petrification resistance
a: Renounce Religion, Berserk, Trog's Hand


You were on level 5 of the Dungeon.
You worshipped Trog.
Trog was pleased with you.
You were a tree.
You visited 1 branch of the dungeon, and saw 5 of its levels.

You collected 236 gold pieces.

Inventory:

Hand Weapons
 a - a +1 hand axe (weapon)
Missiles
 q - 10 poisoned darts
 r - 4 curare-tipped darts (quivered)
Armour
 b - a +0 plate armour (melded)
 j - a +1 buckler of fire resistance (worn)
 v - a +0 pair of gloves (melded)
Jewellery
 c - an amulet of the acrobat
 e - a ring of protection from fire (left branch)
 i - a ring of fire
 k - the ring "Eruihog" (right branch) {rPois rN+}
   (You found it on level 2 of the Dungeon)

   [ring of positive energy]

   rPois:     It protects you from poison rN+: It protects you from negative
   energy.
Wands
 t - a wand of polymorph (7)
Scrolls
 p - 3 scrolls of enchant weapon
Potions
 d - a potion of enlightenment
 f - 2 potions of berserk rage
 g - 2 potions of haste {unknown}
 l - a potion of brilliance
 m - 3 potions of mutation
 n - 3 potions of magic
 o - a potion of invisibility


   Skills:
 + Level 4.8 Fighting
 + Level 5.8 Axes
 * Level 5.4 Armour
 * Level 3.6 Dodging
 + Level 0.3 Stealth
 * Level 4.1 Shields


You had 7 spell levels left.
You didn't know any spells.
Your spell library was empty.

Dungeon Overview and Level Annotations

Branches:
Dungeon (5/15)
 Temple: D:4-7

Altars:
Okawaru

Shops:
D:4 *   D:5 [

Annotations:
D:1 1 transporter


Innate Abilities, Weirdness & Mutations

You are a tree.
Your roots penetrate the ground, keeping you stationary.
You cannot be teleported.
You are immune to unholy pain and torment.
Your maximum health is greatly increased.
Your equipment is partially melded.
You are immune to sickness and miasma.
((Your stone body is resilient. (AC +5)))
You are immune to poison.
You resist negative energy. (rN+)
((You are resistant to electric shocks. (rElec)))
You are resistant to unholy torment.
You are immune to petrification.


Message History

Okay, then.
Okay, then.
You turn into a tree.
Your +0 pair of gloves melds into your body.
Your +0 plate armour melds into your body.
Your roots penetrate the ground.
The gnoll hits you but does no damage. The jelly hits you.
The acid corrodes you!
You are splashed with acid!
* * * LOW HITPOINT WARNING * * *
The gnoll hits you but does no damage. You block the jelly's attack.
You completely miss the jelly.
The jelly is severely wounded.
You barely miss the gnoll. The gnoll hits you with a +0 club.
* * * LOW HITPOINT WARNING * * *
The jelly hits you but does no damage.
Unknown command.
You hit the jelly but do no damage.
Your branches burn!
* * * LOW HITPOINT WARNING * * *
The jelly is severely wounded.
You hit the gnoll but do no damage. You block the gnoll's attack.
You block the jelly's attack. The gnoll completely misses you.
The jelly hits you but does no damage.
Unknown command.
Your skin crawls.
You feel strong-willed. You block the gnoll's attack.
The jelly barely misses you.
You hit the jelly.
Your branches burn!
* * * LOW HITPOINT WARNING * * *
The jelly is severely wounded.
You hit the gnoll but do no damage. The jelly hits you but does no damage.
The gnoll hits you with a +0 club.
* * * LOW HITPOINT WARNING * * *
The jelly hits you.
* * * LOW HITPOINT WARNING * * *
The acid corrodes you!
You are splashed with acid!
* * * LOW HITPOINT WARNING * * *
The gnoll barely misses you.
Unknown command.
Okay, then.
You hit the jelly but do no damage.
Your branches burn!
You die... ...##.#... .. .........P ##.. ........ ~P# ..≈.≈ ...#...
PP.

..≈g≈ #...?#..#~~~♣~~ #
..≈≈≈##...##....~~~~P #
..........##.#..~P.P. ...
.........##.....P.... ..#
...#...g♣J.......... .
.....#...)...##..########
##.. ##........#.......#.
... ###.##...#.#.........
.####<...#.#..........).#
......)))..###.........##
#####....####....(.....#
#......#....#........#
#.#......#####.......##


You could see a jelly and 2 gnolls.

Vanquished Creatures
  The ghost of Heedrag the Chopper, an amateur HOFi of Okawaru (D:4)
  Duvessa (D:4)
  3 ice beasts
  2 ogres (D:5)
  A scorpion (D:5)
  Dowan (D:4)
  An orc priest (D:3)
  An iguana (D:3)
  Terence (D:2)
  2 orc wizards
  A centaur simulacrum (D:4)
  A scorpion simulacrum (D:4)
  2 gnolls
  3 adders (D:3)
  2 hound simulacra (D:4)
  A white imp (D:5)
  A worm (D:4)
  2 dart slugs
  An adder simulacrum (D:4)
  7 orcs
  5 ball pythons
  5 endoplasms
  7 giant cockroaches
  6 goblins
  8 hobgoblins
  6 jackals
  3 quokkas
  7 bats
  3 frilled lizards
  6 kobolds
  6 rats
97 creatures vanquished.

Notes
Turn   | Place    | Note
-------+----------+-------------------------------------------
     0 | D:1      | Gargoyl the Gargoyle Berserker began the quest for the Orb.
     0 | D:1      | Reached XP level 1. HP: 14/14 MP: 1/1
    77 | D:1      | Reached XP level 2. HP: 13/19 MP: 2/2
   553 | D:1      | Reached XP level 3. HP: 24/24 MP: 3/3
   932 | D:1      | Reached ** piety under Trog
  1149 | D:2      | Identified a scroll of acquirement
  1149 | D:2      | Acquired a +1 buckler of fire resistance
  1159 | D:2      | Identified the ring "Eruihog" {rPois rN+}
  1204 | D:2      | Found a faded altar of an unknown god.
  1439 | D:2      | Noticed Terence
  1446 | D:2      | Killed Terence
  1447 | D:2      | Reached XP level 4. HP: 29/29 MP: 4/4
  1522 | D:2      | Found an iron altar of Okawaru.
  1979 | D:3      | Reached skill level 1 in Shields
  1979 | D:3      | Reached XP level 5. HP: 33/33 MP: 5/5
  2721 | D:4      | Found a runed translucent gate.
  2721 | D:4      | Found a runed translucent gate.
  2721 | D:4      | Found a runed translucent gate.
  2752 | D:4      | Noticed Duvessa
  2765 | D:4      | Noticed Dowan
  2766 | D:4      | Reached XP level 6. HP: 38/38 MP: 6/6
  2771 | D:4      | Killed Duvessa
  2778 | D:4      | Killed Dowan
  2861 | D:4      | Found Qaluly's General Store.
  2950 | D:4      | Noticed an ice beast
  2989 | D:4      | Reached *** piety under Trog
  3031 | D:4      | Noticed Heedrag's ghost (amateur HOFi)
  3055 | D:4      | Noticed an ice beast
  3144 | D:4      | Killed an ice beast
  3145 | D:4      | Reached XP level 7. HP: 44/44 MP: 7/7
  3171 | D:4      | HP: 2/44 [scorpion simulacrum (10)]
  3187 | D:4      | Killed Heedrag's ghost
  3188 | D:4      | Reached skill level 5 in Axes
  3194 | D:4      | Reached skill level 5 in Armour
  3379 | D:5      | Entered Level 5 of the Dungeon
  3395 | D:5      | Reached XP level 8. HP: 41/48 MP: 8/8
  3542 | D:5      | Found Ynuzxi's Armour Emporium.
  3595 | D:5      | HP: 2/72 [acid (9)]
  3596 | D:5      | Splashed by a jelly's acid

Illustrated notes

Levels and vault maps discovered:
D:1:      spicycebolla_arrival_risky_transporter, layout_basic
D:2:      layout_loops_ring, hellmonk_ecumenical_altar_dog_temple, basic_altar,
          minmay_misc_feat_cross, uniq_terence
D:3:      layout_loops_ring, nicolae_twisty_statue_hallways
D:4:      layout_rooms, gammafunk_ghost_icy, serial_shops, shop, uniq_duvessa
D:5:      layout_rooms, serial_shops, nicolae_shop_tiny_waterfront,
          serial_bayou, serial_bayou_pond_c, serial_bayou_pond_c,
          serial_bayou_pond_c, serial_bayou_ford_a

Skill      XL: |  1  2  3  4  5  6  7  8 |
---------------+-------------------------+-----
Axes           | 3 4 5 |  5.8
Dodging        | 2 3 |  3.6
Armour         | 3 4 5 |  5.4
Fighting       | 4 |  4.8
Shields        | 1 2 3 4 |  4.1
Stealth        | |  0.3

Action                     |  1- 3 |  4- 6 |  7- 9 || total
---------------------------+-------+-------+-------++-------
  Melee: Hand axe          |   109 |   152 |    92 ||   353
 Invoke: Berserk           |     2 |     3 |     2 ||     7
         Trog's Hand       |       |     2 |     4 ||     6
    Use: Scroll            |     4 |     4 |     5 ||    13
         Potion            |       |       |     9 ||     9
 Armour: Animal skin       |    48 |       |       ||    48
         Plate armour      |    38 |   125 |    97 ||   260
         Skin              |       |       |    16 ||    16
  Dodge: Dodged            |    74 |    39 |    28 ||   141
  Block: Buckler           |     5 |    43 |    42 ||    90

Table legend: (Time is in decaauts)
 A = Elapsed time spent in this place.
 B = Non-inter-level travel time spent in this place.
 C = Inter-level travel time spent in this place.
 D = Time resting spent in this place.
 E = Time spent auto-exploring this place.
 F = Levels seen in this place.
 G = Mean time per level.
                   A        B        C        D        E       F      G
               +--------+--------+--------+--------+--------+-----+--------+
         Total |   3692 |   3519 |    173 |    109 |   2468 |   5 |  738.4 |
       Dungeon |   3692 |   3519 |    173 |    109 |   2468 |   5 |  738.4 |
               +--------+--------+--------+--------+--------+-----+--------+

Top non-repeatable levels by time:
     D:1: 992 daAuts
     D:3: 887 daAuts
     D:4: 842 daAuts
     D:2: 737 daAuts
     D:5: 232 daAuts
